 Dungeon Crawl Stone Soup version 0.30-a0-1114-gd936c97349 (webtiles) character file.

Game seed: 12899414317303480813

2490 MacCMillion the Grappler (level 9, -1/89 HPs)
             Began as a Troll Fighter on Apr 21, 2023.
             Was a Follower of Okawaru.
             Slain by an orc
             ... wielding a +1 trident of flaming
              (6 damage)
             ... on level 8 of the Dungeon.
             The game lasted 00:10:10 (7765 turns).

MacCMillion the Grappler (Troll Fighter)            Turns: 7765, Time: 00:10:11

Health: -1/89      AC:  4    Str: 30    XL:     9   Next: 27%
Magic:  8/8        EV:  9    Int:  4    God:    Okawaru [*.....]
Gold:   545        SH:  9    Dex:  9    Spells: 8/8 levels left

rFire   . . .      SeeInvis .      - Unarmed
rCold   . . .      Faith    .    b - +0 kite shield
rNeg    + . .      Spirit   .    a - +0 robe
rPois   +          Reflect  .    (helmet restricted)
rElec   .          Rampage  .    (no cloak)
rCorr   .                        (gloves unavailable)
Will    .....                    (boots unavailable)
Stlth   +                        (no amulet)
HPRegen 1.14/turn                j - ring of positive energy
MPRegen 0.11/turn                D - ring of poison resistance

@: no status effects
A: large, unfitting armour, claws 3, regeneration 1, shaggy fur 1, tough skin 1
a: Renounce Religion, Heroism


You were on level 8 of the Dungeon.
You worshipped Okawaru.
Okawaru was aware of your devotion.
You visited 2 branches of the dungeon, and saw 9 of its levels.
You also visited: Ossuary.

You collected 545 gold pieces.

Inventory:

Missiles
 g - 5 javelins
 t - 19 poisoned darts (quivered)
 u - 2 boomerangs
Armour
 a - a +0 robe (worn)
 b - a +0 kite shield (worn)
Jewellery
 j - a ring of positive energy (left claw)
 D - a ring of poison resistance (right claw)
Wands
 l - a wand of roots (19)
 z - a wand of digging (7)
 F - a wand of polymorph (10)
Scrolls
 d - 3 scrolls of poison {unknown}
 f - 6 scrolls of teleportation
 i - 2 scrolls of fog
 m - 3 scrolls of blinking
 n - 2 scrolls of vulnerability {unknown}
 o - 2 scrolls of amnesia {unknown}
 p - 2 scrolls of noise {unknown}
 s - 5 scrolls of immolation {unknown}
 v - a scroll of fear {unknown}
 x - 2 scrolls of magic mapping {unknown}
 y - a scroll of brand weapon {unknown}
 B - 2 scrolls of enchant weapon {unknown}
 H - a scroll of identify
Potions
 c - 5 potions of might
 e - 3 potions of brilliance
 h - 2 potions of mutation
 k - 2 potions of degeneration
 q - a potion of attraction {unknown}
 r - 2 potions of berserk rage
 w - 2 potions of curing
 A - a potion of magic {unknown}
 C - a potion of flight {unknown}
 E - a potion of heal wounds {unknown}
 G - a potion of cancellation {unknown}


   Skills:
 + Level 5.7 Fighting
 + Level 2.9 Dodging
 + Level 6.2 Shields
 * Level 9.1 Unarmed Combat


You had 8 spell levels left.
You didn't know any spells.
Your spell library contained the following spells:

 Spells                   Type           Power      Damage    Failure   Level
 Portal Projectile        Hex/Tloc       0%         N/A       98%         3
 Petrify                  Tmut/Erth      0%         N/A       100%        4
 Blade Hands              Tmut           0%         N/A       100%        5
 Metabolic Englaciation   Hex/Ice        0%         N/A       100%        5
 Statue Form              Tmut/Erth      0%         N/A       100%        6
 Tukima's Dance           Hex            Unusable   N/A       N/A         3

Dungeon Overview and Level Annotations

Branches:
Dungeon (8/15)             Temple (1/1) D:4         Ossuary (visited)
   Lair: D:8-11

Altars:
Ashenzari
Cheibriados
Dithmenos
Elyvilon
Fedhas
Hepliaklqana
Kikubaaqudgha
Makhleb
Nemelex Xobeh
Okawaru
Qazlal
Ru
Sif Muna
Trog
Uskayaw
Vehumet
Wu Jian
Xom
Yredelemnul
Zin
The Shining One

Shops:
D:7 *


Innate Abilities, Weirdness & Mutations

You are too large for most types of armour.
You have claws for hands.
Your natural rate of healing is unusually fast.
You are covered in fur. (AC +1)
You have tough skin. (AC +1)


Message History

Beogh smites you! You block the orc's attack.
You claw the orc!
You kill the orc!
The orc hits you from afar with a +1 trident of flaming.
The orc burns you.
The orc priest mumbles some strange prayers to Beogh against you.
Beogh smites you!
You closely miss the orc warrior.
The orc warrior is heavily wounded.
The orc warrior hits you with a +0 mace!
The orc closely misses you.
You are too injured to fight recklessly!
You claw the orc warrior!
The orc warrior is almost dead.
The orc warrior hits you with a +0 mace!
The orc hits you from afar with a +1 trident of flaming.
* * * LOW HITPOINT WARNING * * *
The orc burns you.
* * * LOW HITPOINT WARNING * * *
You scratch the orc warrior.
The orc warrior is almost dead.
You block the orc's attack.
The orc warrior hits you with a +0 mace!
* * * LOW HITPOINT WARNING * * *
You scratch the orc warrior.
The orc warrior is almost dead.
You block the orc's attack.
The orc priest mumbles some strange prayers to Beogh against you.
Beogh smites you!
* * * LOW HITPOINT WARNING * * *
You block the orc warrior's attack.
You scratch the orc warrior.
The orc warrior is almost dead.
You block the orc's attack. You block the orc warrior's attack.
You claw the orc warrior!
You kill the orc warrior!
Okawaru accepts your kill.
You can now gain great but temporary skills.
The orc hits you from afar with a +1 trident of flaming.
You die...

##.###.### #####.
##.......# #. #...####.#
#) #...#..#.## #.
.._.#.(#..######## #.
....#.(#.........# #.
....####.#######.# #.
.........# #.# #.
.###..####### #@#
##............ #)#
.#.#.#########.#o##
#...## #..o.## ##.##
#.....# #.#
#........>o...
#.###########.....#$###.#
#...(....[# ##...##.#
#..######.# #.... .


You could see an orc priest and an orc.

Vanquished Creatures
  A wyvern (D:5)
  A water moccasin (D:8)
  Duvessa (D:4)
  2 black bears
  An ice beast (D:7)
  A sky beast (D:7)
  2 orc warriors
  2 phantoms (D:7)
  A kobold brigand (D:7)
  2 bullfrogs (D:8)
  5 scorpions
  4 wights (D:6)
  Dowan (D:4)
  3 howler monkeys
  A crimson imp (D:4)
  2 gnoll boudas (D:6)
  3 hounds
  3 jellies
  Terence (D:3)
  An iguana (D:5)
  2 sleepcaps
  Natasha (twice) (D:3)
  3 mummies (Ossuary)
  7 gnolls (D:6)
  3 adders
  4 white imps
  An adder zombie (Ossuary)
  2 worms
  A dart slug (D:1)
  10 orcs
  3 endoplasms
  3 giant cockroaches
  A gnoll zombie (Ossuary)
  7 goblins
  8 hobgoblins
  7 jackals
  13 kobolds
  3 quokkas
  5 ball pythons
  4 bats
  A frilled lizard (D:1)
  A goblin zombie (Ossuary)
  6 hobgoblin zombies (Ossuary)
  3 kobold zombies (Ossuary)
  An orc zombie (Ossuary)
  2 quokka zombies (Ossuary)
  4 rats
  3 rat zombies (Ossuary)
148 creatures vanquished.

Notes
Turn   | Place    | Note
-------+----------+-------------------------------------------
     0 | D:1      | MacCMillion the Troll Fighter began the quest for the Orb.
     0 | D:1      | Reached XP level 1. HP: 22/22 MP: 0/0
    67 | D:1      | Reached XP level 2. HP: 29/29 MP: 1/1
   278 | D:1      | Found a faded altar of an unknown god.
   794 | D:2      | Reached XP level 3. HP: 36/36 MP: 2/2
  1046 | D:2      | Reached skill level 3 in Unarmed Combat
  1464 | D:3      | Noticed Terence
  1472 | D:3      | Killed Terence
  1473 | D:3      | Reached XP level 4. HP: 44/44 MP: 3/3
  1623 | D:3      | Found a broken altar of Ashenzari.
  1795 | D:3      | Noticed Natasha
  1805 | D:3      | Killed Natasha
  2022 | D:3      | Noticed Natasha
  2302 | D:3      | Killed Natasha
  2303 | D:3      | Reached skill level 4 in Unarmed Combat
  2303 | D:3      | Reached XP level 5. HP: 53/53 MP: 4/4
  2640 | D:4      | Noticed Duvessa
  2640 | D:4      | Noticed Dowan
  2649 | D:4      | Killed Duvessa
  2650 | D:4      | Reached XP level 6. HP: 44/61 MP: 5/5
  2653 | D:4      | Killed Dowan
  2654 | D:4      | Reached skill level 5 in Unarmed Combat
  2695 | D:4      | Found a burning altar of Makhleb.
  2701 | D:4      | Found a sacrificial altar of Ru.
  2762 | D:4      | Found a sand-covered staircase.
  2767 | Ossuary  | Entered an ossuary
  3666 | D:4      | Found a staircase to the Ecumenical Temple.
  4021 | D:5      | Entered Level 5 of the Dungeon
  4095 | D:5      | Reached XP level 7. HP: 56/68 MP: 6/6
  4163 | D:5      | Noticed a wyvern
  4183 | D:5      | Killed a wyvern
  4184 | D:5      | Reached skill level 6 in Unarmed Combat
  5214 | D:4      | Found a hazy altar of Hepliaklqana.
  5214 | D:4      | Found a stormy altar of Qazlal.
  5426 | D:6      | Reached skill level 5 in Shields
  5426 | D:6      | Reached XP level 8. HP: 79/79 MP: 7/7
  5441 | D:6      | Reached skill level 7 in Unarmed Combat
  5456 | D:6      | Identified the +2 rapier of the Onslaught {freeze, *Noise
                  | Will+ Str+3 Dex+3}
  5965 | D:6      | Reached skill level 5 in Fighting
  6580 | D:7      | Reached skill level 8 in Unarmed Combat
  6835 | D:7      | Found Taammesk's CLEARANCE SALE!.
  6911 | D:7      | Reached XP level 9. HP: 83/88 MP: 8/8
  7292 | Temple   | Entered the Ecumenical Temple
  7297 | Temple   | Became a worshipper of Warmaster Okawaru
  7597 | D:8      | Found a hide-covered altar of Uskayaw.
  7597 | D:8      | Noticed a +0 dagger
  7598 | D:8      | Noticed a +0 hand axe
  7601 | D:8      | Reached skill level 9 in Unarmed Combat
  7763 | D:8      | HP: 2/89 [orc priest/divine providence (14)]
  7765 | D:8      | Reached * piety under Okawaru
  7765 | D:8      | Slain by an orc

Illustrated notes

Levels and vault maps discovered:
D:1:      eino_arrival_druids_welcome, layout_loops_cross,
          dreamdust_ecumenical_altar_angels_and_demons, serial_bayou,
          serial_bayou_shore_b, serial_bayou_pond_d, serial_bayou_shore_b,
          serial_bayou_pond_e
D:2:      layout_rooms
D:3:      layout_loops_ring, cheibrodos_ashenzari_chains,
          serial_co_window_serial, co_window_paths_a,
          co_window_of_opportunity_a, co_window_paths_b, co_window_paths_a,
          co_window_paths_a, co_window_paths_a, co_window_corner_a,
          co_window_paths_b, co_window_corner_a, co_window_paths_c,
          co_window_broadway_a, co_window_broadway_a, glass_columns_a,
          glass_columns_b, uniq_terence, uniq_natasha
D:4:      layout_loops_ring, mainiacjoe_overflow_catwalk_spiral,
          nicolae_overflow_hidden_temple, temple_hall,
          nicolae_ossuary_entry_plus, minmay_fire_ice_demons, uniq_duvessa
D:5:      layout_basic
D:6:      layout_basic
D:7:      layout_rooms, hex_large, nicolae_shop_clearance
D:8:      layout_loops_ring, dancing_weapons_uskayaw, lair_entry_dummy,
          special_room [special_room_orc], dk_rats_in_the_wall
Temple:   minmay_freezing_vapour_temple

Skill      XL: |  1  2  3  4  5  6  7  8  9 |
---------------+----------------------------+-----
Shields        | 3 4 5 6 |  6.2
Unarmed Combat | 3 4 5 6 8 9 |  9.1
Fighting       | 3 4 5 |  5.7
Dodging        | |  2.9

Action                     |  1- 3 |  4- 6 |  7- 9 || total
---------------------------+-------+-------+-------++-------
  Melee: Unarmed           |    82 |   159 |   220 ||   461
  Throw: Dart              |       |       |     7 ||     7
    Use: Scroll            |       |     5 |     3 ||     8
   Stab: Sleeping          |     1 |     1 |       ||     2
 Armour: Robe              |    24 |    47 |    21 ||    92
  Dodge: Dodged            |    27 |    43 |    49 ||   119
  Block: Kite shield       |    36 |    73 |    70 ||   179

Table legend: (Time is in decaauts)
 A = Elapsed time spent in this place.
 B = Non-inter-level travel time spent in this place.
 C = Inter-level travel time spent in this place.
 D = Time resting spent in this place.
 E = Time spent auto-exploring this place.
 F = Levels seen in this place.
 G = Mean time per level.
                   A        B        C        D        E       F      G
               +--------+--------+--------+--------+--------+-----+--------+
         Total |   7787 |   7225 |    562 |   1067 |   4894 |  10 |  778.7 |
       Dungeon |   7197 |   6636 |    561 |    721 |   4768 |   8 |  899.6 |
        Temple |     10 |     10 |      0 |      0 |      0 |   1 |   10.0 |
       Ossuary |    579 |    579 |      0 |    346 |    126 |   1 |  579.0 |
               +--------+--------+--------+--------+--------+-----+--------+

Top non-repeatable levels by time:
     D:5: 1342 daAuts
     D:6: 1238 daAuts
     D:3: 1127 daAuts
     D:4: 1120 daAuts
     D:1: 778 daAuts
     D:2: 633 daAuts
 Ossuary: 579 daAuts
     D:7: 550 daAuts
     D:8: 406 daAuts
  Temple: 10 daAuts
